 Dungeon Sprint DCSS version bcrawl-1.15.1-4-g77d781cab4 (webtiles) character file.

Game seed: 9867493169973632192

167 Groucho the Covert (level 5, -1/36 (39) HPs)
             Began as a Spriggan Enchanter on Oct 7, 2019.
             Slain by a necrophage (4 damage)
             ... in the Dungeon (Sprint II: "The Violet Keep of Menkaure").
             The game lasted 00:01:09 (21 turns).

Groucho the Covert (Spriggan Enchanter)               Turns: 21, Time: 00:01:09

HP:   -1/36 (39)    AC:  2    Str:  9    XL:     5   Next: 23%
MP:   6/14          EV: 20    Int: 17    God:
Gold: 0             SH:  0    Dex: 17    Spells: 15/16 levels left

rFire    . . .     SeeInvis +   a - +1 dagger
rCold    . . .     Gourm    .   (shield restricted)
rNeg     . . .     Faith    .   b - +0 robe
rPois    .         Spirit   .   (helmet restricted)
rElec    .         Reflect  .   (no cloak)
rCorr    .         Harm     .   (gloves unavailable)
MR       .....     NoTele   +   (boots unavailable)
Stlth    ..........             (no amulet)
HPRegen  0.12/turn              (no ring)
MPRegen  0.14/turn              (no ring)

@: berserking (expiring), very quick
A: very small, unfitting armour, see invisible, herbivore, speed 3, slow
metabolism 2
a: no special abilities


You were in the Dungeon.
You were not hungry.

You visited 1 branch

Inventory:

Hand Weapons
 a - a +1 dagger (weapon)
Armour
 b - a +0 robe (worn)
Scrolls
 d - a scroll of fog
 k - a scroll of blinking
Potions
 e - a potion of curing
 g - a potion of heal wounds
 h - a potion of haste
 i - 2 potions of magic
Comestibles
 f - a ration {!d}


   Skills:
 * Level 2.1 Fighting
 * Level 3.5 Short Blades
 * Level 5.0 Dodging
 * Level 11.2 Stealth
 + Level 6.2 Spellcasting
 + Level 6.7 Hexes


You had 15 spell levels left.
You knew the following spells:

 Your Spells              Type           Power        Failure   Level  Hunger
a - Corona                Hex            ####...      1%          1    None

Your spell library contained the following spells:

 Spells                   Type           Power        Failure   Level  Hunger
 Confuse                  Hex            ####....     2%          3    ##.....
 Tukima's Dance           Hex            ####....     2%          3    ##.....
 Ensorcelled Hibernation  Hex/Ice        ###...       4%          2    None
 Dazzling Spray           Conj/Hex       ###...       10%         3    ##.....


Dungeon Overview and Level Annotations

Branches:
Dungeon (1/1)

Altars:


Innate Abilities, Weirdness & Mutations

You are very small and have problems with some larger weapons.
You are too small for most types of armour.
You have supernaturally acute eyesight. (SInv)
You are a herbivore.
You cover ground extremely quickly.
You need to consume almost no food.


Message History

You puncture the necrophage!
The necrophage is severely damaged.
The necrophage hits you.
* * * LOW HITPOINT WARNING * * *
You feel your flesh rotting away!
You hit the necrophage.
You destroy the necrophage!
Your Fighting skill gained 2 levels and is now at level 2!
Your Short Blades skill gained 2 levels and is now at level 3!
Your Dodging skill gained 2 levels and is now at level 5!
Your Stealth skill increases to level 11!
Your Spellcasting skill increases to level 6!
You have reached level 5!
You feel agile.
Unknown command.
You barely miss the necrophage. You hit the necrophage.
The necrophage is lightly damaged.
The necrophage hits you.
You die...

## ## ##.
.## ..#.. #
.n. # ##.
#n# H#
#.w$##@##$#
#+.<.+#
#.w.##.##.#
##. #+# H#
# #


You could see 2 necrophages.

Vanquished Creatures
  2 necrophages (D)
2 creatures vanquished.

Vanquished Creatures (others)
  A crocodile (D)
1 creature vanquished.

Grand Total: 3 creatures vanquished

Notes
Turn   | Place    | Note
-------+----------+-------------------------------------------
     0 | D        | Groucho the Spriggan Enchanter began the quest for the Orb.
     0 | D        | Reached XP level 1. HP: 9/9 MP: 5/5
     1 | D        | Noticed a tyrant leech
     1 | D        | Noticed a tyrant leech
     5 | D        | Noticed a hippogriff
     5 | D        | Noticed a hippogriff
     8 | D        | Noticed a necrophage
     8 | D        | Noticed a necrophage
     8 | D        | Noticed a necrophage
     8 | D        | Noticed a necrophage
    13 | D        | Killed a crocodile
    15 | D        | Killed a necrophage
    15 | D        | Reached skill level 10 in Stealth
    15 | D        | Reached skill level 5 in Spellcasting
    15 | D        | Reached XP level 2. HP: 3/12 MP: 5/9
    15 | D        | Reached XP level 3. HP: 4/15 MP: 6/11
    15 | D        | Reached XP level 4. HP: 6/20 MP: 6/12
    19 | D        | Killed a necrophage
    19 | D        | Reached skill level 5 in Dodging
    19 | D        | Reached skill level 11 in Stealth
    19 | D        | Reached XP level 5. HP: 3/24 MP: 6/14
    21 | D        | Slain by a necrophage

Skill      XL: |  1  2  3  4 |
---------------+-------------+-----
Stealth        | 10 11 | 11.2
Spellcasting   | 5 6 |  6.2
Hexes          | 6 |  6.7
Fighting       | 2 |  2.1
Short Blades   | 3 |  3.5
Dodging        | 5 |  5.0

Action                   |  1- 3 |  4- 6 || total
-------------------------+-------+-------++-------
Melee: Dagger            |     6 |     6 ||    12
  Use: Potion            |     1 |       ||     1
Dodge: Dodged            |     1 |     1 ||     2
